 Dungeon Crawl Stone Soup version 0.24-a0-244-ga6a6ab7 (webtiles) character file.

Game seed: 3106727317853994049

5742 Ijustatesigmund the Cleaver (level 10, -5/80 HPs)
             Began as an Octopode Fighter on Apr 11, 2019.
             Was an Elder of Cheibriados.
             Slain by an orc warrior
             ... wielding a +0 halberd
              (28 damage)
             ... in a bailey.
             The game lasted 00:21:37 (9399 turns).

Ijustatesigmund the Cleaver (Octopode Fighter)      Turns: 9399, Time: 00:21:38

Health: -5/80      AC:  3    Str: 29    XL:     10   Next: 77%
Magic:  0/15       EV: 15    Int: 21    God:    Cheibriados [****..]
Gold:   395        SH: 12    Dex: 23    Spells: 8/9 levels left

rFire    + . .     SeeInvis .   a - +1 war axe
rCold    . . .     Gourm    .   b - +0 shield
rNeg     . . .     Faith    .   (helmet restricted)
rPois    .         Spirit   +   i - amulet of guardian spirit
rElec    .         Reflect  .   f - ring of protection from magic
rCorr    .         Harm     .   (no ring)
MR       +....                  (no ring)
Stlth    +++.......             (no ring)
HPRegen  0.23/turn              (no ring)
MPRegen  0.14/turn              (no ring)
                                (no ring)
                                (no ring)

@: mighty, very slow
A: almost no armour, stealthy swim, amphibious, 8 rings, constrict 8, fangs 1,
thin metallic scales 1, camouflage 1, fire resistance 1, robust 1, gelatinous
body 1
a: Bend Time, Temporal Distortion, Slouch, Renounce Religion


You were in a bailey.
You worshipped Cheibriados.
Cheibriados was greatly pleased with you.
You were hungry.

You visited 2 branches of the dungeon, and saw 11 of its levels.
You also visited: Sewer and Bailey.

You collected 395 gold pieces.

Inventory:

Hand Weapons
 a - a +1 war axe (weapon)
Missiles
 j - 2 throwing nets (quivered)
Armour
 b - a +0 shield (worn)
Jewellery
 f - a ring of protection from magic (left tentacle)
 i - an amulet of guardian spirit (around mantle)
Wands
 n - a wand of iceblast (8)
 o - a wand of acid (4)
 p - a wand of scattershot (3)
 q - a wand of polymorph (8)
Scrolls
 r - a scroll of amnesia
 t - 3 scrolls of teleportation
 u - 4 scrolls of remove curse
Potions
 c - 2 potions of might
 e - 3 potions of brilliance
 g - 3 potions of ambrosia
 k - 4 potions of flight
 l - a potion of heal wounds
 m - 2 potions of curing
 v - a potion of magic
Comestibles
 d - 9 rations


   Skills:
 + Level 8.7 Fighting
 + Level 9.5 Axes
 - Level 5.3 Dodging
 - Level 5.3 Shields
 - Level 3.8 Translocations
 + Level 7.1 Invocations


You had 8 spell levels left.
You knew the following spells:

 Your Spells              Type           Power        Failure   Level  Hunger
a - Apportation           Tloc           ###...       13%         1    ##.....

Your spell library contained the following spells:

 Spells                   Type           Power        Failure   Level  Hunger
 Gell's Gravitas          Tloc           ###.......   36%         3    ####...
 Animate Skeleton         Necr           N/A          52%         1    ##.....
 Confusing Touch          Hex            #.....       52%         1    ##.....
 Corona                   Hex            #......      52%         1    ##.....
 Sandblast                Erth           #.....       52%         1    ##.....
 Summon Small Mammal      Summ           #...         52%         1    ##.....
 Ensorcelled Hibernation  Hex/Ice        #.....       67%         2    ###....
 Passwall                 Tmut/Erth      #.......     67%         2    ###....
 Confuse                  Hex            #.......     88%         3    ####...
 Dazzling Spray           Conj/Hex       #.....       88%         3    ####...
 Stone Arrow              Conj/Erth      #.....       88%         3    ####...
 Tukima's Dance           Hex            #.......     88%         3    ####...
 Petrify                  Tmut/Erth      #.......     99%         4    #####..
 Lee's Rapid Deconstruct  Erth           #.........   100%        5    ######.
 Metabolic Englaciation   Hex/Ice        #.........   100%        5    ######.
 Yara's Violent Unravell  Hex/Tmut       #.........   100%        5    ######.


Dungeon Overview and Level Annotations

Branches:
Dungeon (10/15)            Temple (1/1) D:7            Lair (0/6) D:8
    Orc (0/2) D:10

Altars:
Ashenzari
Cheibriados
Dithmenos
Elyvilon
Fedhas
Gozag
Hepliaklqana
Kikubaaqudgha
Makhleb
Nemelex Xobeh
Okawaru
Qazlal
Ru
Sif Muna
Trog
Uskayaw
Vehumet
Wu Jian
Xom
Yredelemnul
Zin
The Shining One

Shops:
D:9 %

Annotations:
D:10 Urug


Innate Abilities, Weirdness & Mutations

You cannot wear most types of armour.
You are very stealthy in the water. (Stealth+)
You are amphibious.
You can wear up to eight rings at the same time.
You can use your tentacles to constrict eight enemies at once.
Your skin changes colour to match your surroundings (Stealth+).
Your rubbery body absorbs attacks. (AC +1, EV +1)
You have very sharp teeth.
You are partially covered in thin metallic scales. (AC +2)
Your flesh is heat resistant. (rF+)
You are robust. (+10% HP)


Message History

You constrict the orc knight! You block the orc knight's attack.
You slash the orc knight!
You kill the orc knight!
Cheibriados thoroughly appreciates the change of pace.
Your Invocations skill increases to level 7!
Evoke which item? (* to show all) (? for menu, Esc to quit)
Aiming: Corrosive Bolt
Press: ? - help, Shift-Dir - straight line, f - orc knight
Aim: an orc knight, wielding a +0 glaive and wearing a +0 chain mail (unusually strong)
The bolt of acid hits the orc knight.
The orc knight is splashed with acid.
The acid corrodes the orc knight!
The orc knight is lightly wounded.
You block the orc warrior's attack.
The orc knight hits you from afar with a +0 glaive!!
The orc warrior hits you from afar with a +0 halberd!!
* * * LOW HITPOINT WARNING * * *
The flow of time bends around you.
You feel slightly more hungry. You block the orc warrior's attack.
The orc warrior hits you from afar with a +0 halberd!!
You die...

#+++++
##.....##
#.......#
#.......#
#.......#
#.....).#
#....o.@#
#.......#
#..??o.o#
#..???..#
#..???..#
#.......#
##..∩..##
######


You could see an orc knight and 2 orc warriors.

Vanquished Creatures
  An orc knight (Bailey)
  2 trolls (D:10)
  2 hornets (D:8)
  A wraith (D:9)
  5 yaks (D:9)
  A water moccasin (D:9)
  2 orc warriors (D:9)
  An ice beast (D:9)
  A sky beast (D:9)
  6 ogres
  2 centaurs (D:9)
  3 big kobolds
  4 bullfrogs
  4 scorpions
  3 wights (D:10)
  A howler monkey (D:5)
  5 crimson imps
  6 jellies
  A centaur zombie (D:10)
  A quasit (D:10)
  4 bullfrog zombies
  Crazy Yiuf (D:3)
  A hound (D:10)
  5 orc priests
  A bullfrog skeleton (D:4)
  4 iguanas
  An iron imp (D:9)
  8 orc wizards
  5 worker ants
  A killer bee zombie (D:5)
  2 hound skeletons
  A worker ant zombie (D:6)
  7 gnolls
  11 adders
  5 oozes (D:8)
  An adder zombie (D:7)
  3 worms (D:3)
  5 dart slugs
  4 leopard geckos
  33 orcs
  2 bats (D:1)
  6 giant cockroaches
  14 goblins
  7 hobgoblins
  4 jackals
  2 quokkas (D:7)
  4 frilled lizards
  A goblin skeleton (D:9)
  A goblin zombie (D:9)
  A hobgoblin zombie (D:9)
  17 kobolds
  2 kobold skeletons (D:9)
  A kobold zombie (D:9)
  A leopard gecko skeleton (D:6)
  An orc skeleton (D:9)
  2 orc zombies (D:9)
  A quokka zombie (D:5)
  9 rats
  4 fungi (D:5)
235 creatures vanquished.

Vanquished Creatures (others)
  A frilled lizard (D:2)
1 creature vanquished.

Grand Total: 236 creatures vanquished

Notes
Turn   | Place    | Note
-------+----------+-------------------------------------------
     0 | D:1      | Ijustatesigmund the Octopode Fighter began the quest for
                  | the Orb.
     0 | D:1      | Reached XP level 1. HP: 16/16 MP: 1/1
   128 | D:1      | Reached XP level 2. HP: 20/21 MP: 2/2
   170 | D:1      | Reached skill level 3 in Axes
   265 | D:1      | Reached XP level 3. HP: 20/26 MP: 3/3
  1070 | D:2      | Reached skill level 4 in Axes
  1624 | D:3      | Reached XP level 4. HP: 16/31 MP: 4/4
  1961 | D:3      | Found a glowing drain.
  1965 | Sewer    | Entered a sewer
  2135 | Sewer    | Noticed a big kobold
  2159 | Sewer    | Killed a big kobold
  2159 | Sewer    | Reached skill level 5 in Axes
  2159 | Sewer    | Reached XP level 5. HP: 36/36 MP: 3/5
  2204 | Sewer    | Found a white marble altar of Elyvilon.
  2243 | Sewer    | Gained mutation: You are partially covered in thin metallic
                  | scales. (AC +2) [potion of mutation]
  2243 | Sewer    | Gained mutation: You are robust. (+10% HP) [potion of
                  | mutation]
  2243 | Sewer    | Gained mutation: You have very sharp teeth. [potion of
                  | mutation]
  2243 | Sewer    | Gained mutation: Your flesh is heat resistant. (rF+)
                  | [potion of mutation]
  2325 | D:3      | Found an ancient bone altar of Kikubaaqudgha.
  2379 | D:3      | Found a burning altar of Makhleb.
  2379 | D:3      | Found a radiant altar of Vehumet.
  2385 | D:3      | Reached XP level 6. HP: 46/46 MP: 6/6
  2489 | D:3      | Found a runed translucent door.
  2490 | D:3      | Noticed Crazy Yiuf
  2496 | D:3      | Killed Crazy Yiuf
  2866 | D:4      | Found a shimmering altar of Xom.
  2866 | D:4      | Noticed an angel
  2895 | D:4      | Reached XP level 7. HP: 20/52 MP: 3/7
  2996 | D:4      | Found a glowing silver altar of Zin.
  3534 | D:5      | Entered Level 5 of the Dungeon
  3713 | D:5      | Found a white marble altar of Elyvilon.
  3943 | D:5      | Found a blossoming altar of Fedhas.
  4170 | D:5      | Reached skill level 6 in Axes
  4176 | D:5      | Found a stormy altar of Qazlal.
  4347 | D:6      | Reached XP level 8. HP: 53/59 MP: 8/8
  4562 | D:6      | Reached skill level 5 in Fighting
  4562 | D:6      | Reached skill level 5 in Dodging
  4562 | D:6      | Reached skill level 5 in Shields
  4733 | D:6      | Found an ornate altar of the Wu Jian Council.
  5410 | D:7      | Learned a level 1 spell: Apportation
  5415 | D:7      | Found a sacrificial altar of Ru.
  5559 | D:7      | Reached skill level 1 in Translocations
  5580 | D:7      | Found a staircase to the Ecumenical Temple.
  5589 | Temple   | Entered the Ecumenical Temple
  5680 | Temple   | Became a worshipper of Cheibriados the Contemplative
  5800 | D:7      | Reached skill level 1 in Invocations
  6028 | D:7      | Reached skill level 7 in Axes
  6076 | D:7      | Reached XP level 9. HP: 68/68 MP: 10/10
  6300 | D:8      | Found a shimmering altar of Xom.
  6415 | D:8      | Reached * piety under Cheibriados
  6436 | D:8      | Found a staircase to the Lair.
  6551 | D:8      | Noticed a hornet
  6564 | D:8      | Killed a hornet
  6898 | D:8      | Noticed a hornet
  6905 | D:8      | Killed a hornet
  7379 | D:8      | Reached ** piety under Cheibriados
  7747 | D:9      | Reached skill level 8 in Axes
  8030 | D:9      | Reached skill level 5 in Invocations
  8030 | D:9      | Reached XP level 10. HP: 47/78 MP: 7/13
  8300 | D:9      | Found a glowing golden altar of the Shining One.
  8301 | D:9      | Reached *** piety under Cheibriados
  8352 | D:9      | Found Kugewki's Food Shop.
  8792 | D:9      | Found an iron altar of Okawaru.
  8792 | D:9      | Found a bloodstained altar of Trog.
  8925 | D:10     | Entered Level 10 of the Dungeon
  8941 | D:9      | Reached skill level 9 in Axes
  8952 | D:10     | Noticed Urug
  9023 | D:10     | Reached **** piety under Cheibriados
  9087 | D:10     | Found a flagged portal.
  9099 | Bailey   | Entered a bailey
  9394 | Bailey   | Noticed an orc knight
  9394 | Bailey   | Noticed an orc knight
  9397 | Bailey   | Killed an orc knight
  9399 | Bailey   | Slain by an orc warrior

Levels and vault maps discovered:
D:1:      tarquinn_simple_flora_water_b, layout_loops_ring, minmay_tetromino_s4
D:2:      layout_rooms
D:3:      layout_loops_ring, grunt_temple_overflow_lords_of_destruction,
          lemuel_round_altar, portal_sewer_entry_e, uniq_crazy_yiuf_cottage
D:4:      layout_loops_cross, grunt_temple_overflow_order_and_chaos_1
D:5:      layout_loops_ring, kennysheep_mini, elyvilon_altar_1, fedhas_altar_3,
          first_ration, grunt_ministairs_4
D:6:      layout_loops_cross, lemuel_coloured_pillars_altar
D:7:      layout_loops_ring, nicolae_ru_sacrificial_ziggurat, temple_hall
D:8:      layout_loops_ring, lair_entry_dummy, basic_altar,
          hangedman_little_slice_of_home
D:9:      layout_loops_cross, nicolae_tso_besieged_by_evil,
          grunt_temple_overflow_bloody_war, serial_shops, shop
D:10:     layout_layer_cave, hiddenorc1_lemuel, enter_bailey_3, uniq_urug
Temple:   dpeg_three_leaves_temple
Sewer:    sewer_kobolds
Bailey:   bailey_polearm_5, bailey

Skill      XL: |  1  2  3  4  5  6  7  8  9 10 |
---------------+-------------------------------+-----
Axes           | 3 4 5 6 7 8 9 |  9.5
Fighting       | 4 5 7 8 |  8.7
Dodging        | 4 5 |  5.3
Shields        | 4 5 |  5.3
Translocations | 2 3 |  3.8
Invocations    | 2 5 7 |  7.1

Action                   |  1- 3 |  4- 6 |  7- 9 | 10-12 || total
-------------------------+-------+-------+-------+-------++-------
Melee: War axe           |    85 |    87 |   277 |    82 ||   531
       Constrict         |    15 |    21 |    65 |    16 ||   117
       Tentacles         |     7 |    15 |    82 |    33 ||   137
       Bite              |       |     4 |    47 |    17 ||    68
Invok: Bend Time         |       |       |       |     1 ||     1
Evoke: Wand              |       |     1 |     7 |     3 ||    11
  Use: Scroll            |     5 |     3 |    10 |     4 ||    22
       Potion            |     2 |     1 |     2 |     3 ||     8
 Stab: Sleeping          |     8 |     6 |    12 |     5 ||    31
       Distracted        |       |       |     1 |       ||     1
  Eat: Chunk             |     1 |     2 |    10 |     2 ||    15
       Ration            |       |     1 |     1 |       ||     2
Armor: Skin              |     9 |     5 |    23 |     2 ||    39
Dodge: Dodged            |    21 |    33 |   105 |    51 ||   210
Block: Shield            |    48 |    33 |    95 |    47 ||   223

Table legend:
 A = Non-vault XP
 B = Vault XP
 C = Vault XP percentage of total XP
 D = Non-vault monster count
 E = Vault monster count
 F = Vault count percentage of total count
                 A         B        C        D         E       F
            +---------+---------+-------+---------+---------+-------
      Total |    6967 |    1236 |  15.1 |     190 |      41 |  17.7
            +---------+---------+-------+---------+---------+-------
        D:1 |      37 |       2 |   5.1 |      19 |       1 |   5.0
        D:2 |      38 |       0 |   0.0 |      14 |       0 |   0.0
        D:3 |      88 |      92 |  51.1 |      21 |       2 |   8.7
        D:4 |     483 |       0 |   0.0 |      25 |       0 |   0.0
        D:5 |     180 |      51 |  22.1 |      10 |       2 |  16.7
        D:6 |     652 |       0 |   0.0 |      20 |       0 |   0.0
        D:7 |     741 |      40 |   5.1 |      20 |       1 |   4.8
        D:8 |    1070 |     120 |  10.1 |      20 |       7 |  25.9
        D:9 |    2681 |     185 |   6.5 |      31 |      11 |  26.2
       D:10 |     997 |       6 |   0.6 |      10 |       4 |  28.6
      Sewer |       0 |     113 | 100.0 |       0 |      10 | 100.0
     Bailey |       0 |     627 | 100.0 |       0 |       3 | 100.0
            +---------+---------+-------+---------+---------+-------
